 Dungeon Crawl Stone Soup version 0.32-a0-876-gcfddb08e57 (webtiles) character file.

Game seed: 9385608671037553613

132 Autsider the Magician (level 5, -1/45 HPs)
             Began as an Oni Hedge Wizard on Apr 1, 2024.
             Slain by an orc
             ... wielding a +0 dagger
              (3 damage)
             ... on level 3 of the Dungeon.
             The game lasted 00:07:04 (3493 turns).

Autsider the Magician (Oni Hedge Wizard)            Turns: 3493, Time: 00:07:05

Health: -1/45      AC:  1    Str: 14    XL:     5   Next: 15%
Magic:  1/10       EV:  8    Int: 17    God:
Gold:   106        SH:  0    Dex:  8    Spells: 3/11 levels left

rFire   . . .        e - +0 club
rCold   . . .        (no shield)
rNeg    . . .        (body armour restricted)
rPois   .            c - +0 hat
rElec   .            (no cloak)
rCorr   .            (gloves unavailable)
SInv    .            (boots unavailable)
Will    .....        (no amulet)
Stlth   +            (no ring)
HPRegen 0.27/turn    (no ring)
MPRegen 0.12/turn

%: no passive effects
@: no status effects
A: large, unfitting armour, horns 1, tough skin 1, double potion healing,
drunken brawling
a: no special abilities


You were on level 3 of the Dungeon.
You visited 1 branch of the dungeon, and saw 3 of its levels.

You collected 106 gold pieces.

Inventory:

Hand Weapons
 e - a +0 club (weapon)
Armour
 c - a +0 hat (worn)
Talismans
 l - a beast talisman
Scrolls
 a - 2 scrolls of vulnerability {unknown}
 b - a scroll of enchant armour {unknown}
 g - 2 scrolls of teleportation {unknown}
 j - a scroll of torment {unknown}
 k - a scroll of blinking {unknown}
Potions
 d - a potion of magic
 f - a potion of invisibility {unknown}
 h - a potion of ambrosia {unknown}
 i - a potion of resistance {unknown}
 m - a potion of haste {unknown}


   Skills:
 - Level 1.7 Dodging
 - Level 1.4 Stealth
 - Level 3.6 Spellcasting
 + Level 3.4 Conjurations
 - Level 2.0 Summonings
 - Level 2.0 Translocations


You had 3 spell levels left.
You knew the following spells:

 Your Spells              Type           Power      Damage    Failure   Level
a - Magic Dart            Conj           56%        1d5       4%          1
b - Mephitic Cloud        Conj/Alch/Air  6%         N/A       30%         3
z - Blink                 Tloc           18%        N/A       11%         2
A - Call Imp              Summ           18%        N/A       11%         2

Your spell library contained the following spells:

 Spells                   Type           Power      Damage    Failure   Level
 Apportation              Tloc           18%        N/A       8%          1
 Slow                     Hex            12%        N/A       17%         1
 Cigotuvi's Dreadful Rot  Necr/Alch/Air  6%         N/A       26%         2
 Jinxbite                 Hex            6%         N/A       26%         2
 Alistair's Intoxication  Alch           2%         N/A       99%         5


Dungeon Overview and Level Annotations

Branches:
Dungeon (3/15)

Altars:

Shops:
D:1 :*?


Innate Abilities, Weirdness & Mutations

You are too large for most types of armour.
You have a pair of small horns on your head.
You have tough skin. (AC +1)
You gain doubled healing and magic from potions.
Whenever you drink a healing potion, you attack all around you.


Message History

The orc closely misses you.
You hit the orc but do no damage.
The orc is heavily wounded.
The orc closely misses you.
You hit the orc but do no damage.
The orc is heavily wounded.
The orc hits you with a +0 dagger.
* * * LOW HITPOINT WARNING * * *
The orc closely misses you.
You hit the orc but do no damage.
The orc is heavily wounded.
The orc closely misses you.
Casting: Magic Dart (safe; 4% risk of failure)
Confirm with . or Enter, or press ? or * to list all spells.
Aiming: Magic Dart (safe; 4% risk of failure)
Press: ? - help, Shift-Dir - straight line, f/p - orc
Aim: an orc, wielding a +0 dagger and wearing a +0 chain mail (heavily wounded, 100% to hit)
The magic dart hits the orc but does no damage.
The orc is heavily wounded.
The orc hits you but does no damage.
Things that are here:
a +0 dagger; a +0 robe The orc attacks as it pursues you!
The orc hits you with a +0 dagger.
* * * LOW HITPOINT WARNING * * *
You see here a dart slug corpse.
You barely miss the orc. You headbutt the orc, but do no damage.
The orc is heavily wounded.
The orc hits you with a +0 dagger.
* * * LOW HITPOINT WARNING * * *
You closely miss the orc.
The orc is heavily wounded.
The orc closely misses you. x2
You hit the orc but do no damage. You headbutt the orc.
The orc is severely wounded.
The orc hits you with a +0 dagger.
* * * LOW HITPOINT WARNING * * *
You closely miss the orc.
The orc is severely wounded.
The orc hits you with a +0 dagger.
You die...

............#####.....####
##.#.....................#####
##+#####################.....##
.....)........................#
...........#################..#
...........#...#..............#
##.#######.##.....#########...# #
..................#########...###
.#.#######.#....@o.)).......#..##
.#.# #.#.......####.........#
.#.# #.#.......# #.###....>. .#.#
#.#.......# # #.##### .#.#
#.#.......# #.. .#.# #.#.......#
## .#.# #.#.......# ##.#
#.#.......# #.# #.#...#.#.#


You could see an orc.

Vanquished Creatures
  An orc wizard (D:3)
  An adder (D:2)
  A dart slug (D:3)
  2 orcs (D:3)
  5 bats
  10 endoplasms
  2 giant cockroaches (D:2)
  7 goblins
  5 hobgoblins
  4 kobolds
  2 quokkas (D:1)
  2 ball pythons (D:1)
  4 frilled lizards
  9 rats
55 creatures vanquished.

Vanquished Creatures (collateral kills)
  A bombardier beetle (D:2)
  2 orcs (D:3)
3 creatures vanquished.

Grand Total: 58 creatures vanquished

Notes
Turn   | Place    | Note
-------+----------+-------------------------------------------
     0 | D:1      | Autsider the Oni Hedge Wizard began the quest for the Orb.
     0 | D:1      | Reached XP level 1. HP: 16/16 MP: 5/5
    24 | D:1      | Reached skill level 1 in Conjurations
    24 | D:1      | Reached skill level 1 in Summonings
   140 | D:1      | Found Watucrys's Magic Scroll Shoppe.
   269 | D:1      | Reached XP level 2. HP: 24/24 MP: 2/6
   729 | D:2      | Learned a level 2 spell: Call Imp
   977 | D:1      | Found Dot Hesigalu's Book Shop.
   981 | D:1      | Reached XP level 3. HP: 31/31 MP: 5/8
  1108 | D:1      | Found Xitukik's Assorted Antiques.
  1394 | D:1      | Found a faded altar of an unknown god.
  1565 | D:1      | Learned a level 2 spell: Blink
  1569 | D:1      | Learned a level 3 spell: Mephitic Cloud
  1725 | D:2      | Reached skill level 1 in Translocations
  2022 | D:2      | Reached XP level 4. HP: 39/39 MP: 1/9
  3463 | D:3      | Reached XP level 5. HP: 42/45 MP: 0/10
  3492 | D:3      | HP: 1/45 [orc/+0 dagger (4)]
  3493 | D:3      | Slain by an orc

Illustrated notes

Levels and vault maps discovered:
D:1:      erik_arrival_orb_chamber, layout_loops_corners,
          shapermc_ecumenical_altar_mp_vishouse, serial_shops, shop,
          nicolae_book_shop_shelving, nicolae_shop_crystal,
          nicolae_twisty_statue_hallways
D:2:      layout_loops_corners
D:3:      layout_basic

Skill      XL: |  1  2  3  4 |
---------------+-------------+-----
Conjurations   | 1 2 3 |  3.4
Summonings     | 1 2 |  2.0
Translocations | 1 2 |  2.0
Dodging        | |  1.7
Stealth        | |  1.4
Spellcasting   | |  3.6

Action                     |  1- 3 |  4- 6 || total
---------------------------+-------+-------++-------
  Melee: Headbutt          |     3 |     5 ||     8
         Unarmed           |     1 |       ||     1
         Club              |    11 |    41 ||    52
   Cast: Magic Dart        |    92 |    46 ||   138
         Call Imp          |     3 |     1 ||     4
 Armour: Skin              |    15 |    36 ||    51
         Robe              |     1 |       ||     1
  Dodge: Dodged            |    15 |    26 ||    41

Table legend: (Time is in decaauts)
 A = Elapsed time spent in this place.
 B = Non-inter-level travel time spent in this place.
 C = Inter-level travel time spent in this place.
 D = Time resting spent in this place.
 E = Time spent auto-exploring this place.
 F = Levels seen in this place.
 G = Mean time per level.
                   A        B        C        D        E       F      G
               +--------+--------+--------+--------+--------+-----+--------+
         Total |   3507 |   3469 |     38 |     55 |   3007 |   3 | 1169.0 |
       Dungeon |   3507 |   3469 |     38 |     55 |   3007 |   3 | 1169.0 |
               +--------+--------+--------+--------+--------+-----+--------+

Top non-repeatable levels by time:
     D:1: 1538 daAuts
     D:2: 1288 daAuts
     D:3: 680 daAuts
